Map: Port Aleksander LE

Players

Throwfordays - Winner!

  • Race: Terran Terran
  • League: Silver
  • Spawn Location: 5:00

clvndvrk

  • Race: Terran Terran
  • Spawn Location: 11:00

VOD

Have the link to the VOD?

Description

Time

  • Played on: May 14, 2019, 3:38 p.m.
  • Length: 11:46
Show
View Real Time Build Order
Export as new Build Order

Throwfordays Terran - Winner!

Build Orders:  

Get SALT Encoding   

  12  0:01  SCV  
  13  0:15  Supply Depot  
  13  0:19  SCV  
  14  0:31  SCV  
  15  0:39  Barracks  
  15  0:43  SCV  
  16  0:50  Supply Depot  
  16  0:57  Refinery  
  16  1:00  SCV  
  17  1:17  SCV  
  18  1:36  Command Center  
  18  1:46  Orbital Command  
  18  2:03  Barracks Tech Lab  
  18  2:15  SCV  
  19  2:19  Refinery  
  19  2:25  Factory  
  19  2:27  SCV  
  20  2:37  Marine  
  20  2:39  SCV  
  22  2:48  SCV  
  22  2:51  SCV  
  24  2:54  Marine, Supply Depot  
  25  3:00  SCV  
  25  3:03  SCV  
  27  3:11  Engineering Bay  
  27  3:12  Marine, SCV  
  28  3:15  SCV  
  30  3:21  Supply Depot  
  30  3:27  SCV x2  
  32  3:35  Marine  
  32  3:37  Factory Tech Lab  
  32  3:39  SCV, Terran Infantry Weapons Level 1  
  32  3:40  SCV  
  35  3:43  Engineering Bay  
  35  3:52  SCV  
  35  3:54  Supply Depot  
  37  4:02  SCV  
  37  4:04  SCV  
  37  4:08  Starport  
  38  4:10  Marine  
  38  4:15  SCV  
  38  4:16  SCV  
  41  4:17  Barracks  
  41  4:25  Refinery  
  41  4:26  Refinery  
  41  4:27  SCV  
  41  4:28  SCV  
  43  4:33  Infernal Pre-Igniter  
  43  4:36  Terran Infantry Armor Level 1  
  43  4:39  SCV  
  43  4:40  SCV  
  43  4:45  Starport Tech Lab  
  45  4:51  SCV  
  45  4:52  SCV, Missile Turret  
  47  4:57  Missile Turret  
  47  5:02  Marine  
  47  5:03  SCV  
  47  5:05  Hellion  
  51  5:08  Orbital Command  
  51  5:15  SCV  
  51  5:20  Marine  
  53  5:27  SCV, Hellion  
  56  5:31  Command Center  
  56  5:36  Banshee  
  56  5:37  Cloaking Field  
  56  5:38  Marine  
  56  5:39  Barracks Reactor  
  60  5:50  SCV  
  61  6:02  SCV  
  62  6:10  Command Center  
  62  6:14  Sensor Tower  
  62  6:16  Marine x2  
  62  6:18  Marine  
  65  6:19  Banshee  
  68  6:25  Supply Depot  
  68  6:28  Supply Depot  
  68  6:29  Supply Depot  
  68  6:33  Marine  
  68  6:34  Marine  
  70  6:42  Marine  
  70  6:46  Siege Tank  
  74  6:49  Planetary Fortress  
  74  6:51  Marine x2  
  74  6:53  Sensor Tower  
  76  6:54  Hi-Sec Auto Tracking  
  76  6:57  Neosteel Armor  
  76  7:00  Marine  
  77  7:03  Armory  
  77  7:09  Marine x2  
  77  7:12  Hyperflight Rotors  
  79  7:18  Marine, Siege Tank  
  79  7:21  Refinery  
  79  7:22  SCV  
  84  7:26  Planetary Fortress  
  84  7:30  Refinery  
  84  7:34  SCV  
  85  7:37  SCV  
  86  7:46  SCV  
  86  7:49  SCV  
  88  7:53  Sensor Tower  
  88  7:58  SCV  
  89  8:01  SCV  
  90  8:10  SCV  
  91  8:13  SCV  
  92  8:25  SCV  
  93  8:40  Marine  
  94  8:43  Siege Tank  
  97  8:58  Marine  
  97  9:00  Liberator  
  101  9:04  Terran Vehicle Weapons Level 1  
  101  9:05  Armory  
  101  9:06  Terran Infantry Weapons Level 2  
  101  9:12  SCV  
  101  9:14  SCV  
  101  9:16  Marine, Siege Tank  
  107  9:24  SCV  
  107  9:26  SCV  
  108  9:33  Marine  
  108  9:38  SCV  
  106  9:43  Liberator  
  109  9:50  Marine x2, SCV  
  109  9:51  Marine  
  111  10:02  SCV  
  112  10:07  Marine  
  112  10:08  Marine, SCV  
  115  10:14  SCV  
  116  10:25  Marine x2, Liberator  
  121  10:37  Marine  
  122  10:43  Marine x2  
  122  10:44  Command Center  
  124  11:03  Supply Depot  
  124  11:05  Supply Depot x2  
  124  11:06  Supply Depot  
  124  11:24  Marine x3  
Show
View Real Time Build Order
Export as new Build Order

clvndvrk Terran 

Build Orders:  

Get SALT Encoding   

  12  0:01  SCV  
  13  0:16  Supply Depot  
  13  0:20  SCV  
  14  0:27  Refinery  
  14  0:46  Barracks  
  14  0:50  SCV  
  15  0:59  Engineering Bay  
  15  1:02  SCV  
  16  1:31  SCV  
  17  1:40  Marine  
  17  1:43  SCV  
  19  1:47  Bunker  
  19  1:56  Supply Depot  
  19  1:58  Marine  
  20  2:10  SCV  
  21  2:18  Factory  
  21  2:20  Refinery  
  21  2:22  SCV  
  22  2:23  Barracks Reactor  
  22  2:34  SCV  
  23  2:46  SCV  
  23  2:47  Missile Turret  
  24  2:58  SCV  
  25  3:02  Barracks  
  25  3:06  Factory Tech Lab  
  25  3:14  Starport  
  25  3:17  SCV  
  26  3:23  Engineering Bay  
  26  3:27  Supply Depot  
  26  3:30  SCV  
  27  3:40  Marine  
  27  3:41  Marine  
  29  3:49  SCV  
  29  3:54  Terran Infantry Weapons Level 1  
  30  3:57  Terran Infantry Armor Level 1  
  30  3:58  Marine  
  30  3:59  Marine  
  32  4:16  Marine x2  
  32  4:17  Barracks Reactor  
  34  4:23  Medivac  
  36  4:34  Marine x2  
  38  4:51  Marine  
  39  4:56  Supply Depot  
  39  5:08  Armory  
  39  5:17  Marine x2, Siege Tank  
  44  5:22  Command Center  
  44  5:26  Refinery  
  44  5:37  Marine  
  44  5:38  Marine x2  
  44  5:42  Refinery  
  47  5:56  Terran Infantry Weapons Level 2  
  47  6:03  Supply Depot  
  47  6:24  Marine x2  
  49  6:26  Supply Depot  
  49  6:36  Medivac  
  51  6:43  Marine  
  51  6:44  Marine  
  51  6:45  Marine x2  
  55  6:49  Supply Depot  
  55  6:50  SCV  
  56  7:01  Marine  
  56  7:02  SCV  
  56  7:08  SCV  
  59  7:20  SCV  
  60  7:24  Starport  
  60  7:26  Starport  
  60  7:31  Starport Tech Lab  
  60  7:32  SCV  
  61  7:37  Fusion Core  
  61  7:48  Marine x2  
  61  7:49  Marine x2  
  65  7:58  Terran Infantry Armor Level 2  
  65  8:06  Marine x3  
  64  8:14  Planetary Fortress  
  59  8:38  Missile Turret x2  
  59  8:39  Missile Turret  
  37  9:30  Missile Turret  
  8  10:13  SCV  
  9  10:25  SCV  
  10  11:11  SCV  
  11  11:24  SCV  
Tags
 
League
Silver
Matchup
TvT
Race
Terran
Replay Pack
Multiplayer
Spawn Locations
Cross Positions
Add a new tag
Caveats
  • Supply blocks, unpowered buildings, or Contaminate may cause inaccurate times.
  • Supply counts are checked every 10 seconds.